 Dungeon Crawl Stone Soup version 0.30-a0-313-gae38170b09 (webtiles) character file.

Game seed: 5012257978086311686

1108 greasedhog the Cudgeller (level 8, -7/49 HPs)
             Began as a Gargoyle Cinder Acolyte on Oct 26, 2022.
             Was a High Priest of Ignis.
             Mangled by a wight
             ... wielding a +3 halberd
              (16 damage)
             ... on level 6 of the Dungeon.
             The game lasted 00:05:26 (5284 turns).

greasedhog the Cudgeller (Gargoyle Cinder Acolyte)  Turns: 5284, Time: 00:05:26

Health: -7/49      AC: 19    Str: 19    XL:     8   Next: 33%
Magic:  9/9        EV: 11    Int: 16    God:    Ignis [*****.]
Gold:   287        SH:  3    Dex:  7    Spells: 9/9 levels left

rFire   + . .      SeeInvis .    t - +3 mace of Cheibriados, Lusting {freeze, Str+2}
rCold   . . .      Faith    .    s - +0 buckler
rNeg    + . .      Spirit   .    c - +3 leather armour
rPois   ∞          Reflect  .    (no helmet)
rElec   +          Harm     .    (no cloak)
rCorr   .          Rampage  .    (no gloves)
Will    .....                    (no boots)
Stlth   +.........               (no amulet)
HPRegen 0.28/turn                (no ring)
MPRegen 0.11/turn                (no ring)

@: fiery-armoured (expiring)
A: sickness immunity, AC +5, negative energy resistance 1, electricity
resistance, torment resistance 1, petrification resistance
a: Renounce Religion, Fiery Armour, Foxfire Swarm, Rising Flame


You were on level 6 of the Dungeon.
You worshipped Ignis.
Ignis was extremely pleased with you.
You visited 1 branch of the dungeon, and saw 6 of its levels.

You collected 287 gold pieces.

Inventory:

Hand Weapons
 t - the +3 mace of Cheibriados, Lusting (weapon) {freeze, Str+2}
   (You found it on level 5 of the Dungeon)

   It freezes those it strikes, dealing additional cold damage.
   It can also slow down cold-blooded creatures.
   Str:       It affects your strength (+2).
Armour
 c - a +3 leather armour (worn)
 s - a +0 buckler (worn)
Jewellery
 r - a +6 ring of dexterity
Wands
 a - a wand of digging (5)
 w - a wand of charming (7)
 x - a wand of flame (2)
Scrolls
 i - 3 scrolls of fear
 j - 2 scrolls of blinking
 k - 2 scrolls of enchant armour {unknown}
 n - a scroll of torment {unknown}
 p - a scroll of teleportation
 u - 3 scrolls of magic mapping {unknown}
Potions
 b - 2 potions of ambrosia
 d - 3 potions of might {unknown}
 e - 2 potions of lignification {unknown}
 f - 3 potions of curing {unknown}
 g - 5 potions of heal wounds {unknown}
 h - a potion of magic {unknown}
 l - 3 potions of brilliance {unknown}
 m - 3 potions of haste {unknown}
 o - 3 potions of cancellation {unknown}
 q - a potion of flight {unknown}
 v - a potion of mutation {unknown}


   Skills:
 - Level 5.0 Fighting
 * Level 6.7 Maces & Flails
 - Level 5.0 Armour
 * Level 2.9 Dodging
 + Level 1.8 Shields
 - Level 1.0 Spellcasting
 - Level 3.0 Fire Magic


You had 9 spell levels left.
You didn't know any spells.
Your spell library contained the following spells:

 Spells                   Type           Power      Damage    Failure   Level
 Scorch                   Fire           20%        2d6       16%         2
 Apportation              Tloc           0%         N/A       34%         1
 Kiss of Death            Conj/Necr      0%         2d5       34%         1
 Necrotise                Necr           0%         1d4       34%         1
 Sandblast                Erth           0%         2d4       34%         1
 Summon Small Mammal      Summ           0%         N/A       34%         1
 Passwall                 Tmut/Erth      0%         N/A       47%         2
 Confusing Touch          Hex            0%         N/A       71%         3
 Portal Projectile        Hex/Tloc       0%         N/A       71%         3
 Stone Arrow              Conj/Erth      0%         3d7       71%         3
 Tukima's Dance           Hex            0%         N/A       71%         3
 Dispel Undead            Necr           0%         3d6       98%         4
 Blade Hands              Tmut           0%         N/A       100%        5


Dungeon Overview and Level Annotations

Branches:
Dungeon (6/15)             Temple (0/1) D:5

Altars:
Qazlal
Vehumet
Zin

Annotations:
D:5 exclusion: statue


Innate Abilities, Weirdness & Mutations

You are immune to sickness and miasma.
Your stone body is resilient. (AC +5)
You are immune to poison.
You resist negative energy. (rN+)
You are resistant to electric shocks. (rElec)
You are resistant to unholy torment.
You are immune to petrification.


Message History

You hit the wight.
The wight is lightly damaged.
You barely miss the wight.
The wight is lightly damaged.
The wight barely misses you.
The wight hits you with a +2 flail of freezing.
The wight freezes you.
The wight is burned by your cloak of flames.
The wight is moderately damaged.
You closely miss the wight.
The wight is lightly damaged.
The wight hits you with a +3 halberd. The wight hits you but does no damage.
Unknown command.
You hit the wight.
The wight is heavily damaged.
The wight closely misses you. The wight barely misses you.
Unknown command.
You barely miss the wight.
The wight is heavily damaged.
The wight hits you with a +3 halberd!
The wight is burned by your cloak of flames.
The wight is lightly damaged.
The wight hits you but does no damage.
Unknown command.
You hit the wight.
The wight is severely damaged.
The wight hits you with a +3 halberd.
The wight is burned by your cloak of flames.
The wight is moderately damaged.
The wight hits you with a +2 flail of freezing.
* * * LOW HITPOINT WARNING * * *
The wight freezes you.
* * * LOW HITPOINT WARNING * * *
The wight is burned by your cloak of flames.
The wight is almost destroyed.
The wight attacks as you move away! The wight hits you but does no damage.
The wight is burned by your cloak of flames.
You destroy the wight!
The wight hits you from afar with a +3 halberd!
You die...

#### #.#..##.##
.#+# #... #
#.##.....# ...
#...
#.#####..##.....
#... #+#
#......... #...
#.##......
###... #.#
...... #.....
#.# ..### #.....
#)# ...# #.....
#@# #..# #..#.#
#.# #.. #..#.#
#z)...... #.....
......... ##.#..
..........
#<....
#..........
#.###.
#.....#####
....... #.....+
.........
#.....#
##.#####.


You could see a wight.

Vanquished Creatures
  A water moccasin (D:6)
  Duvessa (D:5)
  Blork the orc (D:6)
  A necrophage (D:6)
  8 wights
  Dowan (D:5)
  A hound (D:5)
  2 iguanas
  An orc wizard (D:4)
  5 gnolls
  12 adders
  An ufetubus (D:4)
  A worm (D:2)
  2 dart slugs
  4 orcs
  5 ball pythons
  4 bats
  4 endoplasms
  5 giant cockroaches
  4 goblins
  9 hobgoblins
  3 jackals (D:2)
  3 quokkas
  3 frilled lizards
  A kobold (D:2)
  4 rats
87 creatures vanquished.

Vanquished Creatures (collateral kills)
  2 gnolls (D:6)
2 creatures vanquished.

Vanquished Creatures (others)
  A gnoll bouda (D:6)
1 creature vanquished.

Grand Total: 90 creatures vanquished

Notes
Turn   | Place    | Note
-------+----------+-------------------------------------------
     0 | D:1      | greasedhog the Gargoyle Cinder Acolyte began the quest for
                  | the Orb.
     0 | D:1      | Reached XP level 1. HP: 14/14 MP: 2/2
   513 | D:1      | Reached XP level 2. HP: 17/19 MP: 3/3
  1351 | D:2      | Reached skill level 1 in Armour
  1351 | D:2      | Reached XP level 3. HP: 16/24 MP: 4/4
  1582 | D:2      | Found a faded altar of an unknown god.
  1861 | D:2      | Reached XP level 4. HP: 28/29 MP: 5/5
  2173 | D:3      | Reached skill level 4 in Maces & Flails
  2530 | D:3      | Reached XP level 5. HP: 34/34 MP: 6/6
  2758 | D:4      | Reached skill level 5 in Fighting
  2764 | D:4      | Reached XP level 6. HP: 28/40 MP: 7/7
  2852 | D:4      | Reached skill level 5 in Maces & Flails
  3322 | D:4      | Reached skill level 1 in Dodging
  3534 | D:5      | Entered Level 5 of the Dungeon
  3542 | D:5      | Found a staircase to the Ecumenical Temple.
  3602 | D:5      | Noticed Duvessa
  3603 | D:5      | Noticed Dowan
  3618 | D:5      | Killed Duvessa
  3619 | D:5      | Reached XP level 7. HP: 32/44 MP: 8/8
  3622 | D:5      | Killed Dowan
  3859 | D:5      | Found a radiant altar of Vehumet.
  3959 | D:5      | Identified the +3 mace of Cheibriados, Lusting {freeze,
                  | Str+2}
  4087 | D:5      | Found a stormy altar of Qazlal.
  4566 | D:6      | Reached skill level 6 in Maces & Flails
  4675 | D:6      | Found a glowing silver altar of Zin.
  4724 | D:6      | Reached skill level 5 in Armour
  4724 | D:6      | Reached XP level 8. HP: 37/49 MP: 9/9
  4879 | D:6      | Noticed Blork the orc
  4887 | D:6      | Killed Blork the orc
  4888 | D:6      | Reached skill level 1 in Shields
  5284 | D:6      | Mangled by a wight

Illustrated notes

Levels and vault maps discovered:
D:1:      erik_arrival_blinker_ship, layout_basic
D:2:      kb_forest_paths, layout_basic, basic_ecumenical_altar,
          kennysheep_generic_room_4
D:3:      layout_basic
D:4:      layout_rooms
D:5:      layout_basic, mainiacjoe_overflow_concentric_impassable,
          vehumet_statue, minmay_temple_entry_statues_fountains, uniq_duvessa
D:6:      layout_basic, mainiacjoe_overflow_catwalk, corexii_shack,
          uniq_blork_the_orc

Skill      XL: |  1  2  3  4  5  6  7  8 |
---------------+-------------------------+-----
Armour         | 1 2 4 5 |  5.0
Fighting       | 4 5 |  5.0
Maces & Flails | 4 5 6 |  6.7
Dodging        | 1 2 |  2.9
Shields        | 1 |  1.8
Spellcasting   | |  1.0
Fire Magic     | |  3.0

Action                   |  1- 3 |  4- 6 |  7- 9 || total
-------------------------+-------+-------+-------++-------
Melee: Mace              |   176 |   199 |   135 ||   510
       Punch             |     1 |       |     1 ||     2
Invok: Fiery Armour      |       |     2 |     1 ||     3
Evoke: Wand              |       |       |     1 ||     1
  Use: Scroll            |     2 |     3 |     1 ||     6
Armor: Leather armour    |   114 |   142 |    47 ||   303
       Robe              |    10 |       |       ||    10
Dodge: Dodged            |   134 |   128 |    86 ||   348
Block: Buckler           |       |       |     8 ||     8

Table legend: (Time is in decaauts)
 A = Elapsed time spent in this place.
 B = Non-inter-level travel time spent in this place.
 C = Inter-level travel time spent in this place.
 D = Time resting spent in this place.
 E = Time spent auto-exploring this place.
 F = Levels seen in this place.
 G = Mean time per level.
                   A        B        C        D        E       F      G
               +--------+--------+--------+--------+--------+-----+--------+
         Total |   5375 |   5183 |    192 |    205 |   3889 |   6 |  895.8 |
       Dungeon |   5375 |   5183 |    192 |    205 |   3889 |   6 |  895.8 |
               +--------+--------+--------+--------+--------+-----+--------+

Top non-repeatable levels by time:
     D:1: 1052 daAuts
     D:2: 1007 daAuts
     D:5: 953 daAuts
     D:4: 925 daAuts
     D:6: 813 daAuts
     D:3: 623 daAuts
